AoeStats
← NDF

QS Arena

503252715Analyzed
1v1 RM · 1mo ago on Aug 30, 2026· 55m 3s· 2 players
Game mode
Random Map
Map size
Tiny (2 player)
Population
200
Speed
Normal
Resources
Standard
Victory
Conquest
Starting age
Dark Age
Ending age
Imperial Age
RankedLock teamsTeams togetherTeam positionsShared explorationLock speedFull tech treeHidden civsTurbo modeCheats
Victory
Defeat
🇦🇷 Khmer · Argentina
460
+16
🇦🇷 Teutons · Argentina
462
-16
Gamstrum
8:47 Feudal Age
10:03 Wheelbarrow
9:16 Double-Bit Axe
9:32 Horse Collar
17:49 Castle Age
15:53 Gold Mining
16:15 Stone Mining
18:30 Bloodlines
18:44 Hand Cart
22:04 Scale Barding Armor
24:50 Chain Barding Armor
26:33 Gold Shaft Mining
26:41 Bow Saw
27:23 Husbandry
26:49 Light Cavalry
29:03 Ballistics
32:11 Imperial Age
29:27 Loom
29:28 Town Watch
29:35 Loom
29:37 Town Watch
30:41 Town Patrol
31:33 Tusk Swords
31:37 Padded Archer Armor
31:28 Fletching
35:36 Tusk Swords
35:41 Double Crossbow
37:13 Chemistry
37:20 Elite Battle Elephant
38:40 Plate Barding Armor
37:36 Crossbowman
38:56 Leather Archer Armor
38:10 Capped Ram
41:11 Bodkin Arrow
41:47 Ring Archer Armor
40:53 Arbalester
41:32 Siege Ram
43:00 Elite Ballista Elephant
44:03 Conscription
44:24 Hoardings
44:03 Masonry
44:10 Bracer
48:52 Hussar
NDF
4:24 Loom
10:18 Feudal Age
11:48 Arson
18:46 Castle Age
17:46 Double-Bit Axe
17:44 Horse Collar
18:52 Gold Mining
18:57 Stone Mining
21:42 Stone Shaft Mining
28:10 Scale Mail Armor
29:16 Bloodlines
29:12 Squires
29:29 Pikeman
34:02 Heavy Plow
34:19 Elite Skirmisher
35:54 Wheelbarrow
35:06 Town Watch
38:25 Imperial Age
37:48 Padded Archer Armor
37:39 Fletching
39:28 Elite Teutonic Knight
41:35 Forging
42:54 Ironclad
44:07 Hoardings
49:06 Iron Casting
48:47 Chain Mail Armor
48:39 Scale Barding Armor
48:53 Bodkin Arrow
Connection lost

Rejoining the realm…

Still unreachable

The connection could not be restored.

Session expired

The server has moved on; the page needs a fresh start.